 Dungeon Crawl Stone Soup version 0.26.1-11-gd32895ea62 (webtiles) character file.

Game seed: 348911032982366537

10246 dtburroughs the Cleaver (level 11, -6/101 HPs)
             Began as a Minotaur Berserker on June 12, 2021.
             Was a High Priest of Trog.
             Mangled by a brown ugly thing (11 damage)
             ... on level 11 of the Dungeon.
             The game lasted 00:26:38 (12933 turns).

dtburroughs the Cleaver (Minotaur Berserker)       Turns: 12933, Time: 00:26:39

Health: -6/101     AC:  3    Str: 21    XL:     11   Next: 33%
Magic:  19/19      EV: 10    Int:  7    God:    Trog [*****.]
Gold:   765        SH:  0    Dex: 11    Spells: 10/10 levels left

rFire    . . .     SeeInvis .   v - +0 war axe
rCold    . . .     Faith    +   (no shield)
rNeg     . . .     Spirit   .   p - +0 plate armour
rPois    .         Reflect  .   w - +2 hat
rElec    .         Harm     .   S - scarf {+Inv}
rCorr    .         Rampage  .   i - +0 pair of gloves
Will     ++...                  D - +0 pair of boots
Stlth    ..........             c - amulet of faith
HPRegen  1.26/turn              F - ring of magical power
MPRegen  0.16/turn              (no ring)

@: corroded, regenerating, studying Short Blades
A: retaliatory headbutt, horns 2
a: Renounce Religion, Evoke Invisibility, Berserk, Trog's Hand, Brothers in Arms


You were on level 11 of the Dungeon.
You worshipped Trog.
Trog was extremely pleased with you.
You visited 1 branch of the dungeon, and saw 11 of its levels.

You collected 765 gold pieces.

Inventory:

Hand Weapons
 a - a +0 vorpal flail
 o - a +0 flail of holy wrath
 v - a +0 war axe (weapon)
 B - a +1 mace of distortion
Armour
 i - a +0 pair of gloves (worn)
 p - a +0 plate armour (worn)
 w - a +2 hat (worn)
 y - a +0 cloak
 A - a scarf of harm
 D - a +0 pair of boots (worn)
 S - a scarf of invisibility (worn)
Jewellery
 c - an amulet of faith (around neck)
 E - an uncursed ring of fire
 F - a ring of magical power (left hand)
 R - an uncursed amulet of guardian spirit
Wands
 m - a wand of disintegration (12)
 n - a wand of flame (12)
 C - a wand of paralysis (5)
 H - a wand of iceblast (13)
 K - a wand of random effects (14)
Scrolls
 e - 4 scrolls of blinking
 g - 2 scrolls of remove curse
 j - 2 scrolls of amnesia {unknown}
 k - 2 scrolls of immolation
 q - 3 scrolls of fog
 s - 3 scrolls of fear
 t - a scroll of vulnerability {unknown}
 G - a scroll of noise {unknown}
 J - a scroll of random uselessness {unknown}
 L - a scroll of magic mapping {unknown}
 N - a scroll of brand weapon {unknown}
 P - 4 scrolls of teleportation
Potions
 b - 2 potions of brilliance {unknown}
 f - 7 potions of curing
 h - 2 potions of cancellation {unknown}
 l - 5 potions of attraction
 r - 2 potions of flight {unknown}
 u - 2 potions of ambrosia {unknown}
 x - 3 potions of lignification
 z - a potion of invisibility {unknown}
 I - 3 potions of heal wounds
 M - a potion of might {unknown}
 Q - a potion of resistance {unknown}
Books
 d - a manual of Short Blades
Miscellaneous
 O - a phial of floods


   Skills:
 + Level 10.3 Fighting
 + Level 10.3 Axes
 + Level 10.0 Armour
 + Level 9.2 Dodging
 + Level 7.0 Evocations


You had 10 spell levels left.
You didn't know any spells.
Your spell library was empty.

Dungeon Overview and Level Annotations

Branches:
Dungeon (11/15)            Temple (0/1) D:7            Lair (0/6) D:8
    Orc (0/2) D:9

Altars:
Ashenzari
Dithmenos
Makhleb
Ru
Uskayaw
Wu Jian
Zin

Shops:
D:8 ?

Annotations:
D:3 1 runed translucent door, Pepete's ghost, weakling TeDe


Innate Abilities, Weirdness & Mutations

You reflexively headbutt those who attack you in melee.
You have a pair of horns on your head.


Message History

The brown ugly thing is severely wounded.
The brown ugly thing misses you.
You feel much better. The brown ugly thing kicks you.
You are splashed with acid.
You slash the brown ugly thing!
The brown ugly thing is almost dead.
The brown ugly thing kicks you.
You are splashed with acid!
* * * LOW HITPOINT WARNING * * *
You barely miss the brown ugly thing.
Your headbutt misses the brown ugly thing.
The brown ugly thing is almost dead.
The brown ugly thing kicks you!
* * * LOW HITPOINT WARNING * * *
The acid corrodes you!
You are splashed with acid!
* * * LOW HITPOINT WARNING * * *
You closely miss the brown ugly thing.
You headbutt the brown ugly thing, but do no damage.
The brown ugly thing is almost dead.
The brown ugly thing kicks you!
You die...

#.....# #...............# #.....#
+...............#
#.....#+##...............#
#...............#####....#
#....######..u.......#...######
......#...#....##'####....#
#....##...#....#....#.....#
#....##...'....#u...#....########
#....###'##....#@##.###..##..##..
#....#.........)..#####..##..#...
#....#............#.......'..#...
##'###............#.......#..#...
...^..............#......##..##..
......))..........#.###..######..
......#####....#'##'###..##......
......# #....#..............[..
......# #....#.................


You could see a brown ugly thing.

Vanquished Creatures
  Erolcha (D:9)
  A centaur warrior (D:10)
  A two-headed ogre (D:11)
  An unseen horror (D:11)
  A centaur zombie (D:9)
  Maggie (D:7)
  Eustachio (D:6)
  5 yaks
  A wraith (D:5)
  2 vampire mosquitoes (D:11)
  A water moccasin (D:9)
  2 sky beasts
  5 black bears
  5 orc warriors
  A phantom (D:10)
  A necrophage (D:5)
  6 ogres
  5 centaurs
  A lemure (D:7)
  Blork the orc (D:5)
  8 bullfrogs
  A wyvern zombie (D:6)
  A wyvern skeleton (D:7)
  4 scorpions
  4 killer bees (D:10)
  5 howler monkeys
  2 bullfrog zombies
  3 hounds
  2 jellies
  A centaur skeleton (D:5)
  5 orc priests
  A gnoll shaman (D:10)
  4 iguanas
  9 orc wizards
  8 worker ants
  A hound zombie (D:6)
  2 hound skeletons
  3 gnolls (D:10)
  14 adders
  2 shadow imps
  4 white imps
  2 ufetubi
  An adder skeleton (D:9)
  4 worms
  3 dart slugs
  8 leopard geckos
  52 orcs
  9 bats
  11 giant cockroaches
  9 goblins
  8 hobgoblins
  6 jackals
  5 quokkas
  2 ball pythons
  3 frilled lizards
  A jackal skeleton (D:4)
  10 kobolds
  A leopard gecko skeleton (D:6)
  3 quokka skeletons
  9 rats
274 creatures vanquished.

Vanquished Creatures (collateral kills)
  A catoblepas (D:11)
  Pikel (D:7)
  A phantom (D:7)
  A lemure (D:7)
  A bullfrog zombie (D:7)
  An orc priest (D:7)
  An orc wizard (D:7)
  3 orcs (D:7)
10 creatures vanquished.

Vanquished Creatures (others)
  3 fungi (D:8)
  A plant (D:8)
4 creatures vanquished.

Grand Total: 288 creatures vanquished

Notes
Turn   | Place    | Note
-------+----------+-------------------------------------------
     0 | D:1      | dtburroughs the Minotaur Berserker began the quest for the
                  | Orb.
     0 | D:1      | Reached XP level 1. HP: 19/19 MP: 0/0
   142 | D:1      | Reached XP level 2. HP: 27/27 MP: 1/1
   346 | D:1      | Reached ** piety under Trog
   541 | D:1      | Reached XP level 3. HP: 33/33 MP: 2/2
  1093 | D:2      | Reached XP level 4. HP: 26/40 MP: 3/3
  1435 | D:2      | Found a broken altar of Ashenzari.
  2172 | D:3      | Found a runed translucent door.
  2177 | D:3      | Noticed Pepete's ghost (weakling TeDe)
  2497 | D:3      | Reached *** piety under Trog
  2951 | D:4      | Reached XP level 5. HP: 42/47 MP: 4/4
  3183 | D:4      | Found a burning altar of Makhleb.
  3183 | D:4      | Found a glowing silver altar of Zin.
  3184 | D:4      | Noticed an angel
  3184 | D:4      | Noticed a green death
  3697 | D:4      | Reached skill level 1 in Evocations
  4200 | D:5      | Entered Level 5 of the Dungeon
  4208 | D:5      | Reached skill level 5 in Fighting
  4208 | D:5      | Reached skill level 5 in Axes
  4208 | D:5      | Reached XP level 6. HP: 55/56 MP: 5/5
  4391 | D:5      | Reached skill level 5 in Armour
  4391 | D:5      | Reached XP level 7. HP: 59/61 MP: 6/6
  5094 | D:5      | Reached **** piety under Trog
  5135 | D:5      | Found a hide-covered altar of Uskayaw.
  5414 | D:6      | Noticed Eustachio
  5423 | D:6      | Killed Eustachio
  5424 | D:6      | Reached skill level 5 in Dodging
  5445 | D:6      | Reached XP level 8. HP: 44/70 MP: 7/7
  5659 | D:6      | Noticed Blork the orc
  6072 | D:5      | Killed Blork the orc
  6296 | D:6      | Found a shadowy altar of Dithmenos.
  6348 | D:6      | Found a sacrificial altar of Ru.
  7012 | D:6      | Reached XP level 9. HP: 75/79 MP: 8/8
  7465 | D:7      | Noticed Maggie
  7473 | D:7      | Killed Maggie
  7524 | D:7      | Noticed Pikel
  7544 | D:7      | Killed Pikel
  7545 | D:7      | Reached skill level 5 in Evocations
  7905 | D:7      | Found a staircase to the Ecumenical Temple.
  8301 | D:8      | Found Nisosaon's Magic Scroll Shoppe.
  8336 | D:8      | Reached XP level 10. HP: 90/90 MP: 9/9
  8408 | D:8      | Identified the +6 ring mail of the Constellations {Str+4}
  8412 | D:8      | Reached ***** piety under Trog
  8684 | D:8      | Found a staircase to the Lair.
  9514 | D:9      | Found a staircase to the Orcish Mines.
  9683 | D:9      | Noticed Erolcha
  9686 | D:9      | Killed Erolcha
  9997 | D:9      | Found an ornate altar of the Wu Jian Council.
 10219 | D:10     | Entered Level 10 of the Dungeon
 10393 | D:10     | Noticed a centaur warrior
 10947 | D:10     | Received a gift from Trog
 11216 | D:10     | Killed a centaur warrior
 11217 | D:10     | Reached skill level 10 in Axes
 11217 | D:10     | Reached XP level 11. HP: 67/99 MP: 10/10
 11258 | D:10     | Reached skill level 10 in Fighting
 11581 | D:11     | Noticed a catoblepas
 11900 | D:11     | Noticed a two-headed ogre
 11922 | D:11     | Killed a two-headed ogre
 12400 | D:11     | Killed an unseen horror
 12536 | D:11     | Killed a catoblepas
 12537 | D:11     | Reached skill level 10 in Armour
 12906 | D:11     | Noticed a brown ugly thing
 12932 | D:11     | HP: 4/101 [acid (8)]
 12933 | D:11     | Mangled by a brown ugly thing

Illustrated notes

Levels and vault maps discovered:
D:1:      lightli_arrival_quake, layout_basic, minmay_misc_feat_room,
          st_stairs_11
D:2:      layout_basic, nicolae_ashenzari_panopticon
D:3:      layout_basic, cheibrodos_sewer_entry_sluice,
          ebering_ghost_reflecting_pool
D:4:      layout_layer_cave, grunt_temple_overflow_order_and_chaos_2
D:5:      layout_loops_ring, lemuel_coloured_pillars_altar,
          minmay_manual_macuahuitl
D:6:      minmay_razor_zed, layout_cave_pods, nicolae_ru_path_of_blood,
          minmay_ruined_shrine, uniq_eustachio, uniq_blork_the_orc
D:7:      layout_cave_pools, minmay_temple_entry_junction, uniq_maggie,
          uniq_pikel
D:8:      layout_rooms, grunt_lair_entry_orc_guard_hut, serial_shops,
          shop_scrolls
D:9:      layout_roguey, kennysheep_mini_moat, orc_0_dummy, kennysheep_path_1,
          uniq_erolcha
D:10:     layout_basic
D:11:     nzn_motion_control, layout_gridville, minmay_joined_circles

Skill      XL: |  1  2  3  4  5  6  7  8  9 10 11 |
---------------+----------------------------------+-----
Fighting       | 4 5 6 7 8 9 10 | 10.3
Axes           | 4 5 6 7 8 10 | 10.3
Armour         | 3 4 5 6 8 9 10 | 10.0
Dodging        | 3 4 5 6 7 8 9 |  9.2
Evocations     | 1 2 4 5 6 7 |  7.0

Action                   |  1- 3 |  4- 6 |  7- 9 | 10-12 || total
-------------------------+-------+-------+-------+-------++-------
Melee: Hand axe          |    56 |   162 |   116 |       ||   334
       Headbutt          |    12 |    33 |    49 |    73 ||   167
       War axe           |       |       |   159 |   321 ||   480
Invok: Trog's Hand       |       |     1 |     3 |     3 ||     7
       Brothers in Arms  |       |       |     1 |     1 ||     2
Evoke: Wand              |       |       |    12 |     3 ||    15
  Use: Scroll            |       |       |     5 |     8 ||    13
       Potion            |       |       |       |     2 ||     2
Armor: Ring mail         |    30 |    21 |       |       ||    51
       Plate armour      |       |    53 |   227 |   208 ||   488
Dodge: Dodged            |    58 |    81 |   166 |   134 ||   439
